 Dungeon Crawl Stone Soup version 0.19.0-2-gae57169 (webtiles) character file.

4064265 kuniqs the Slayer (level 27, 163/163 HPs)
             Began as a Vine Stalker Gladiator on Nov 3, 2016.
             Was the Champion of Elyvilon.
             Escaped with the Orb
             ... and 6 runes on Nov 4, 2016!
             The game lasted 05:10:00 (76067 turns).

kuniqs the Slayer (Vine Stalker Gladiator)         Turns: 76067, Time: 05:10:01

Health: 163/163    AC: 29    Str: 26    XL:     27
Magic:  36/36      EV: 31    Int: 13    God:    Elyvilon [******]
Gold:   6077       SH: 33    Dex: 29    Spells: 11 memorised, 14 levels left

rFire  + + .     SeeInvis +     W - +9 quick blade (freeze)
rCold  + + +     Gourm    .     C - quicksilver dragon scales
rNeg   + . .     Faith    .     P - +8 large shield
rPois  +         Spirit   +     u - +0 mask of the Dragon {MR+ Slay+3 SInv}
rElec  +         Reflect  .     X - +2 cloak {MR+}
rCorr  .         Harm     .     J - +1 pair of gloves "Riypu" {rPois Int+4}
MR     +++++                    O - +2 pair of boots
Stlth  +++.......               Q - amulet of the Garden {+Rage rC+++ MR- Str+4 Slay+5}
                                D - ring of Fuirph {+Inv rF++ Slay+3}
                                V - ring of Ceraral {rElec rPois rN+ Dex+4 Slay+5}

@: flying, repel missiles
A: fangs 3, regeneration 2, screaming 1, strong 1, magic shield, antimagic bite,
no device heal 3, rot immunity
a: Lesser Healing, Heal Other, Purification, Greater Healing, Divine Vigour,
Divine Protection, Renounce Religion, Evoke Berserk Rage, Evoke Invisibility
0: Orb of Zot
}: 6/15 runes: barnacled, slimy, silver, golden, abyssal, gossamer


You escaped.
You worshipped Elyvilon.
Elyvilon was exalted by your worship.
You were not hungry.

You visited 13 branches of the dungeon, and saw 61 of its levels.
You visited the Abyss 1 time.
You also visited: Trove and Wizlab.

You collected 11555 gold pieces.
You spent 5478 gold pieces at shops.

Inventory:

Hand Weapons
 q - a +9 eudemon blade of holy wrath
 W - a +9 quick blade of freezing (weapon)
Missiles
 d - 17 throwing nets (quivered)
Armour
 u - the +0 mask of the Dragon (worn) {MR+ Slay+3 SInv}
   (You found it on level 4 of the Shoals)

   It affects your accuracy and damage with ranged weapons and melee attacks
   (+3).
   It affects your resistance to hostile enchantments.
   It lets you see invisible.
 C - quicksilver dragon scales (worn)
 J - the +1 pair of gloves "Riypu" (worn) {rPois Int+4}
   (You found it on level 6 of the Dungeon)

   It affects your intelligence (+4).
   It protects you from poison.
 O - a +2 pair of boots (worn)
 P - a +8 large shield (worn)
 X - a +2 cloak of magic resistance (worn)
Magical Staves
 o - an uncursed staff of wizardry
Jewellery
 h - the ring of Navvul {rCorr -Tele rElec rN+ Str+4}
   (You took it off a vampire mage on level 3 of the Crypt)

   [ring of resist corrosion]

   It affects your strength (+4).
   It insulates you from electricity.
   It protects you from negative energy.
   It prevents most forms of teleportation.
 D - the ring of Fuirph (right hand) {+Inv rF++ Slay+3}
   (You found it on level 3 of the Tomb of the Ancients)

   [ring of slaying]

   It affects your accuracy and damage with ranged weapons and melee attacks
   (+3).
   It greatly protects you from fire.
   It lets you turn invisible.
 Q - the amulet of the Garden (around neck) {+Rage rC+++ MR- Str+4 Slay+5}
   (You found it in a treasure trove)

   [amulet of rage]

   It affects your strength (+4).
   It affects your accuracy and damage with ranged weapons and melee attacks
   (+5).
   It renders you almost immune to cold.
   It affects your resistance to hostile enchantments.
   It lets you go berserk.
 V - the ring of Ceraral (left hand) {rElec rPois rN+ Dex+4 Slay+5}
   (You found it in a treasure trove)

   [ring of slaying]

   It affects your dexterity (+4).
   It affects your accuracy and damage with ranged weapons and melee attacks
   (+5).
   It insulates you from electricity.
   It protects you from poison.
   It protects you from negative energy.
Wands
 c - a wand of disintegration (18/24)
 m - a wand of digging (12/24)
 t - a wand of hasting (3/9)
 H - a wand of acid (12/15)
 R - a wand of teleportation (5/9)
Scrolls
 b - 2 scrolls of silence
 e - 13 scrolls of teleportation
 i - 7 scrolls of fear
 j - 6 scrolls of immolation
 l - a scroll of magic mapping
 v - 3 scrolls of enchant armour
 y - 7 scrolls of fog
 A - 32 scrolls of remove curse {@r2}
 E - 2 scrolls of identify {@r1}
 K - 4 scrolls of blinking
 L - 8 scrolls of recharging
 T - 3 scrolls of summoning
 U - 5 scrolls of holy word
Potions
 a - 4 potions of resistance
 n - 5 potions of agility
 r - a potion of berserk rage
 s - 10 potions of flight
 x - 7 potions of brilliance
 z - 6 potions of haste
 B - 6 potions of ambrosia
 F - a potion of cure mutation
 G - a potion of beneficial mutation
 I - 2 potions of might
 M - a potion of invisibility
 N - 17 potions of curing {@q1}
 S - 2 potions of magic
 Z - 11 potions of cancellation
Miscellaneous
 w - a figurine of a ziggurat
Comestibles
 f - 24 bread rations
 k - 12 meat rations
 p - 57 fruits


   Skills:
 + Level 22.5 Fighting
 - Level 14.1(14.8) Short Blades
 - Level 7.8(12.0) Long Blades
 - Level 1.7 Throwing
 - Level 22.0 Armour
 - Level 18.3 Dodging
 - Level 18.6 Stealth
 - Level 20.8 Shields
 - Level 8.2 Spellcasting
 - Level 8.0 Hexes
 - Level 4.0 Charms
 - Level 5.0 Summonings
 - Level 4.1 Translocations
 - Level 4.0 Ice Magic
 - Level 8.0 Air Magic
 - Level 2.6 Earth Magic
 - Level 17.0 Invocations
 - Level 7.5 Evocations


You had 14 spell levels left.
You knew the following spells:

 Your Spells              Type           Power        Failure   Level  Hunger
a - Summon Butterflies    Summ           ###.....     3%          1    None
b - Repel Missiles        Chrm/Air       ###...       3%          2    None
c - Blink                 Tloc           N/A          10%         2    None
d - Apportation           Tloc           ###.......   6%          1    None
e - Swiftness             Chrm/Air       ###.....     3%          2    None
f - Ensorcelled Hibernat  Hex/Ice        ###...       3%          2    None
g - Confuse               Hex            ####....     3%          3    ##.....
i - Lesser Beckoning      Tloc           ###.......   17%         3    ##.....
j - Dazzling Spray        Conj/Hex       ###...       17%         3    ##.....
p - Leda's Liquefaction   Hex/Erth       ###.......   38%         4    ####...
q - Silence               Hex/Air        ####......   30%         5    #####..


Dungeon Overview and Level Annotations

Branches:
Dungeon (15/15)            Temple (1/1) D:7            Lair (6/6) D:8
 Shoals (4/4) Lair:3       Spider (4/4) Lair:4        Slime (5/5) Lair:5
    Orc (2/2) D:11            Elf (3/3) Orc:2        Vaults (5/5) D:14
  Crypt (3/3) Vaults:2       Tomb (3/3) Crypt:3      Depths (5/5) D:15
    Zot (5/5) Depths:5

Altars:
Ashenzari
Cheibriados
Dithmenos
Elyvilon
Fedhas
Gozag
Hepliaklqana
Kikubaaqudgha
Makhleb
Nemelex Xobeh
Okawaru
Qazlal
Ru
Sif Muna
Trog
Uskayaw
Vehumet
Xom
Yredelemnul
Zin
The Shining One
Beogh

Shops:
D:12 [   Orc:2 :!*(   Elf:1 *   Elf:2 (   Elf:3 =   Vaults:4 :   Vaults:5 ?%?
Depths:1 ??

Portals:
Hell: Depths:1 Depths:2 Depths:3 Depths:4 Depths:5
Abyss: Depths:1 Depths:3 Depths:4
Pandemonium: Depths:3 Depths:5
Ziggurat: Depths:4

Annotations:
Lair:5 exclusions: electric eel and 3 more exclusions
Shoals:2 exclusion: door
Shoals:3 exclusion: Roxanne, Roxanne
Elf:2 exclusion: 5 doors


Innate Abilities, Weirdness & Mutations

You have razor-sharp teeth.
You heal very quickly.
When hurt, damage is shared between your health and your magic reserves.
Your bite disrupts and absorbs the magic of your enemies.
Potions and wands cannot restore your health.
You are immune to rotting.
You occasionally shout uncontrollably at your foes.
Your muscles are strong. (Str +2)


Message History

A mysterious force pulls you upwards. The hatch slams shut behind you.
There is an open door here.
There is a stone staircase leading up here.
You climb upwards.
There is a stone staircase leading down here.
The rock shatters into small pieces.
This wand has 13 charges left.
The rock shatters into small pieces.
This wand has 12 charges left.
There is an open door here.
You feel very buoyant.
You fly up into the air.
A crimson imp comes into view.
There is an open door here.
The crimson imp shouts!
The crimson imp blinks!
There is an open door here.
The crimson imp blinks!
You block the crimson imp's attack.
There is a staircase leading out of the dungeon here.
You block the kobold's attack.
The crimson imp blinks!
You have escaped!

...###..#####≈≈≈≈≈≈≈#####..##
#.###.### #≈≈≈.....≈≈≈# ###.##
#.##.## #..§........# ##.# #.##.#
######'###### #.## #.##.#####
####8'8#### ######^#
..#.##...###.........###..§##.###
..#.#....##...........##..≈≈#.#..
###.#....#............##§.§§#.###
###((...(().....@.....8'..(≈+.# #
..#(#...(#......K.....'#...≈#.# #
..#(#....##....5......##(.≈≈#.# #
###.##...###.........###..≈##.#
##.##### ###8#8'8### #####.## #.#
##.###'###### #.# # #.##
#...........# ##.# ## ##.###
#≈≈≈.....≈≈§# ###.## .#
###..#####≈§≈≈§≈≈#####..##


You could see a crimson imp and a kobold.

Vanquished Creatures
  the Royal Jelly (Slime:5)
  A pandemonium lord (Zot:1)
  Mara (Depths:4)
  Mennas (Vaults:3)
  Khufu (Crypt:2)
  7 ancient liches
  8 orbs of fire
  A juggernaut (Depths:5)
  31 greater mummies
  Bai Suzhen (Depths:1)
  2 Killer Klowns (Zot:5)
  Margery (Crypt:1)
  Saint Roka (Vaults:3)
  Xtahua (Vaults:4)
  A caustic shrike (Depths:4)
  3 curse toes
  9 golden dragons
  Jory (Depths:4)
  11 liches
  A bone dragon (Abyss:1)
  3 electric golems
  A Hellbinder (WizLab)
  Jorgrun (Vaults:4)
  19 tentacled monstrosities
  26 Orb Guardians
  An Ice Fiend (Depths:5)
  5 titans
  2 deep elf blademasters (Elf:3)
  2 deep elf master archers (Elf:3)
  18 acid blobs
  8 quicksilver dragons
  3 tentacled starspawn
  Frances (D:12)
  11 death cobs
  Kirke (Lair:4)
  9 ancient champions
  18 storm dragons
  9 sphinxes
  9 tengu reavers
  7 shadow dragons
  6 revenants
  Ilsuiw (Shoals:4)
  7 draconian monks
  A nagaraja (Depths:3)
  3 azure jellies
  8 fire giants
  9 draconian knights
  6 deep elf sorcerers
  6 ghost moths
  An orc warlord (Depths:3)
  7 draconian scorchers
  15 frost giants
  7 emperor scorpions
  12 vault wardens
  Aizul (Spider:1)
  A cacodemon (WizLab)
  8 ghouls
  3 draconian annihilators
  8 draconian shifters
  3 curse skulls
  A balrug (Depths:3)
  6 deep elf elementalists
  2 spriggan defenders
  13 very ugly things
  2 war gargoyles
  5 draconian zealots
  3 draconian callers
  31 stone giants
  12 ironheart preservers
  18 vampire knights
  13 green draconians
  An entropy weaver (shapeshifter) (Vaults:5)
  5 entropy weavers
  8 bennus
  6 deep elf demonologists
  7 deep elf annihilators
  10 red draconians
  6 purple draconians
  8 white draconians
  Azrael (Spider:2)
  11 mottled draconians
  7 black draconians
  12 yellow draconians
  11 eidola
  6 spark wasps
  3 minotaurs (Depths:3)
  6 merfolk impalers
  2 blizzard demons
  7 merfolk javelineers
  10 deep elf death magi
  6 ettins
  5 death oozes
  2 green deaths (WizLab)
  4 fire dragons
  28 mummy priests
  A minotaur (shapeshifter) (Vaults:5)
  3 deep elf high priests
  9 jiangshi
  9 great orbs of eyes
  Fannar (Lair:3)
  21 yaktaur captains
  4 hydras
  8 rakshasas
  26 vault guards
  A quicksilver dragon skeleton (Crypt:2)
  Harold (Lair:3)
  A juggernaut simulacrum (Depths:2)
  A monstrous demonspawn (Depths:3)
  A catoblepas (shapeshifter) (Vaults:5)
  A catoblepas (Lair:4)
  A spriggan air mage (Depths:1)
  13 ice dragons
  15 centaur warriors
  6 death knights
  3 alligator snapping turtles (Shoals:4)
  An anaconda (shapeshifter) (Vaults:5)
  6 merfolk aquamancers
  19 ogre magi
  2 merfolk avatars (Shoals:4)
  21 dancing weapons
  A satyr (Shoals:3)
  A tengu warrior (Depths:4)
  4 deep troll shamans
  4 death yaks
  37 death scarabs
  14 deep troll earth magi
  6 orc high priests
  26 deep elf knights
  A titan skeleton (Crypt:3)
  8 thrashing horrors
  A soul eater (Depths:1)
  Nergalle (Orc:1)
  4 spriggan berserkers
  16 hell knights
  10 vampire magi
  A sun demon (Depths:2)
  2 storm dragon zombies
  An iron troll (Depths:1)
  2 shadow wraiths
  3 wretched stars
  A spatial maelstrom (Abyss:4)
  A fire crab (shapeshifter) (Depths:4)
  An unseen horror (shapeshifter) (D:15)
  7 unseen horrors
  3 glowing orange brains
  47 skeletal warriors
  14 sea snakes
  21 starcursed masses
  An anaconda zombie (Crypt:3)
  A spark wasp zombie (Depths:3)
  2 flayed ghosts
  A deep troll (shapeshifter) (Depths:5)
  12 hill giants
  25 deep trolls
  A ghost moth zombie (Tomb:1)
  A gelid demonspawn (Depths:3)
  9 wizards
  A hill giant (shapeshifter) (D:14)
  13 ironbrand convokers
  A lindwurm (shapeshifter) (Vaults:5)
  2 golden dragon skeletons
  21 orc knights
  14 necromancers
  12 harpies
  23 phantasmal warriors
  A shadow dragon zombie (Depths:3)
  22 deep elf archers
  A harpy (shapeshifter) (Vaults:3)
  35 ugly things
  A shadow dragon skeleton (Crypt:2)
  7 orc sorcerers
  A shining eye (shapeshifter) (Vaults:4)
  2 frost giant zombies (Crypt:3)
  A wolf spider (shapeshifter) (Depths:5)
  68 deep elf magi
  An iron dragon zombie (Depths:3)
  5 stone giant zombies
  24 wolf spiders
  3 wolf spider zombies
  5 shining eyes
  20 orb spiders
  9 fauns
  4 fire giant zombies
  28 moths of wrath
  14 manticores
  A manticore (shapeshifter) (Vaults:3)
  2 salamanders (shapeshifter)
  10 cyclopes
  3 dire elephant zombies
  An iron dragon skeleton (Crypt:2)
  A guardian serpent (Lair:6)
  2 black mambas (shapeshifter)
  A shock serpent zombie (Crypt:2)
  4 frost giant skeletons
  10 black mambas
  2 stone giant skeletons
  4 water nymphs
  11 vault sentinels
  13 sirens
  A water nymph (shapeshifter) (Vaults:5)
  An eye of devastation (Slime:5)
  A naga mage (Depths:3)
  4 gargoyles
  A torpor snail (Lair:6)
  5 spectral swamp worms (Depths:3)
  7 smoke demons
  9 spiny frogs
  2 emperor scorpion zombies
  6 rime drakes
  8 freezing wraiths
  A catoblepas zombie (Crypt:2)
  A mottled draconian zombie (Crypt:1)
  6 efreet
  3 kobold demonologists
  14 komodo dragons
  4 hellwings
  An anaconda simulacrum (Crypt:2)
  A rime drake (shapeshifter) (Depths:2)
  10 demonic crawlers
  A tormentor (WizLab)
  47 yaktaurs
  3 ancient zymes
  2 ice devils (WizLab)
  A black draconian skeleton (Crypt:2)
  A grey draconian skeleton (Crypt:3)
  44 guardian mummies
  3 tengu conjurers
  2 hydra zombies (Crypt:3)
  2 merfolk (shapeshifter)
  A queen bee (shapeshifter) (Vaults:1)
  A troll (shapeshifter) (Depths:3)
  11 trolls
  27 jumping spiders
  27 merfolk
  A wind drake (Shoals:1)
  A polar bear (Lair:4)
  4 red devils
  A polar bear (shapeshifter) (Depths:5)
  Grinder (D:4)
  A tyrant leech (shapeshifter) (Vaults:5)
  A two-headed ogre (shapeshifter) (Depths:3)
  A moth of wrath zombie (Crypt:2)
  5 raiju
  25 two-headed ogres
  A bog body (Crypt:2)
  A sphinx simulacrum (Vaults:4)
  19 blink frogs
  16 hornets
  67 slime creatures
  4 ice dragon zombies
  12 hippogriffs
  7 dream sheep (Lair:5)
  A stone giant simulacrum (Vaults:3)
  13 snapping turtles
  2 ettin zombies
  A hippogriff (shapeshifter) (Depths:3)
  17 flying skulls
  29 tarantellas
  A spriggan (shapeshifter) (Depths:1)
  7 air elementals
  An iron dragon simulacrum (Crypt:2)
  89 redbacks
  5 spriggans
  2 ettin skeletons
  4 shadows
  An ice dragon skeleton (Crypt:2)
  5 ynoxinuls
  A black mamba zombie (Crypt:2)
  A yak (shapeshifter) (Vaults:1)
  8 wyverns
  20 ushabtiu
  24 water elementals
  A hog (shapeshifter) (D:15)
  32 yaks
  16 wraiths
  A basilisk (shapeshifter) (Vaults:4)
  A hog (Lair:4)
  4 fire bats (Depths:1)
  A golden eye (shapeshifter) (D:15)
  3 golden eyes
  A wind drake zombie (Crypt:3)
  A chaos spawn (Zot:1)
  2 hungry ghosts
  8 fire elementals
  An elf skeleton (Depths:2)
  3 neqoxecs
  3 vampire mosquitoes
  3 basilisks
  10 large abominations
  A spatial vortex (Abyss:4)
  Menkaure (D:5)
  A merfolk zombie (Crypt:3)
  A spriggan simulacrum (Depths:2)
  9 mottled dragons
  9 wargs
  A swamp worm (shapeshifter) (Vaults:1)
  Edmund (D:5)
  A soldier ant (shapeshifter) (D:15)
  A torturous demonspawn skeleton (Crypt:1)
  4 hell hounds
  21 water moccasins
  A floating eye (Depths:4)
  3 swamp drakes (Lair:6)
  10 porcupines
  3 sky beasts
  A snapping turtle zombie (Crypt:3)
  67 orc warriors
  5 ice beasts
  2 black bears
  4 ettin simulacra
  An ice beast (shapeshifter) (Vaults:4)
  4 eyes of draining
  A merfolk skeleton (Crypt:3)
  23 wolves
  8 boggarts
  5 necrophages
  56 ogres
  3 phantoms
  28 centaurs
  2 swamp dragon skeletons
  A manticore skeleton (Crypt:1)
  A tengu (shapeshifter) (Vaults:2)
  A lindwurm skeleton (Crypt:1)
  15 crocodiles
  3 big kobolds
  A wyvern zombie (D:13)
  2 earth elementals
  23 bullfrogs
  A gnoll sergeant (D:8)
  2 yaktaur skeletons
  A wyvern skeleton (D:14)
  7 small abominations
  A cyclops skeleton (Crypt:1)
  A scorpion (D:13)
  14 killer bees
  An orc simulacrum (Vaults:2)
  21 wights
  2 spriggan skeletons
  2 howler monkeys
  9 electric eels
  A bullfrog zombie (D:12)
  8 crimson imps
  A quasit (D:4)
  6 jellies
  5 hounds
  5 bullfrog skeletons
  A gnoll shaman (D:9)
  27 orc priests
  8 centaur skeletons
  An iguana (shapeshifter) (Depths:4)
  An iron imp (Abyss:4)
  32 orc wizards
  5 iguanas
  4 hell rats (Lair:5)
  12 worker ants
  A killer bee zombie (D:10)
  A naga zombie (Crypt:2)
  A bullfrog simulacrum (D:9)
  3 centaur simulacra
  A dwarf zombie (Crypt:3)
  2 hound zombies
  A hound skeleton (D:4)
  38 mummies
  A hell rat zombie (Crypt:3)
  15 gnolls
  A worker ant zombie (D:9)
  24 adders
  A steam dragon skeleton (Crypt:1)
  3 shadow imps
  6 white imps (D:9)
  An ufetubus (Abyss:3)
  3 oozes
  An iguana skeleton (Crypt:1)
  A worm zombie (Crypt:1)
  5 adder skeletons
  A worm (D:2)
  5 dart slugs
  4 leopard geckos
  119 orcs
  A ball python (D:1)
  9 giant cockroaches
  6 goblins
  5 hobgoblins
  13 jackals
  7 quokkas
  6 bats
  11 frilled lizards
  A jackal skeleton (D:6)
  16 kobolds
  2 quokka skeletons
  4 rats
  A plant (D:15)
  A starspawn tentacle (Abyss:4)
3075 creatures vanquished.

Vanquished Creatures (others)
  An ancient champion (Tomb:2)
  A purple draconian (Depths:5)
  A merfolk impaler (Shoals:4)
  A yaktaur captain (Vaults:5)
  32 death scarabs
  A skeletal warrior (Tomb:2)
  2 guardian mummies
  12 flying skulls
  A spriggan (Depths:3)
  A human (Lair:4)
  An ogre (Depths:2)
  2 wolves (Lair:5)
  A centaur (Depths:2)
  A crimson imp (D:10)
  An ogre zombie (Tomb:3)
  A mummy (Tomb:2)
  12 fungi
  30 plants
  3 starspawn tentacles
105 creatures vanquished.

Grand Total: 3180 creatures vanquished

Notes
Turn   | Place    | Note
-------+----------+-------------------------------------------
     0 | D:1      | kuniqs the Vine Stalker Gladiator began the quest for the Orb.
     0 | D:1      | Reached XP level 1. HP: 11/11 MP: 2/2
   124 | D:1      | Reached skill level 1 in Stealth
   124 | D:1      | Reached XP level 2. HP: 15/15 MP: 3/3
   256 | D:1      | Reached XP level 3. HP: 18/18 MP: 2/4
  1210 | D:2      | Gained mutation: Your natural rate of healing is unusually fast. [Vine Stalker growth]
  1210 | D:2      | Reached XP level 4. HP: 20/23 MP: 5/5
  1503 | D:2      | Found a bloodstained altar of Trog.
  1610 | D:2      | Found a sparkling altar of Nemelex Xobeh.
  1759 | D:3      | Found a shattered altar of Ashenzari.
  1783 | D:3      | Found a hazy altar of Hepliaklqana.
  1880 | D:3      | Reached XP level 5. HP: 26/26 MP: 6/6
  1897 | D:3      | Found a shadowy altar of Dithmenos.
  2123 | D:4      | Found a shadowy altar of Dithmenos.
  2437 | D:4      | Reached XP level 6. HP: 30/30 MP: 7/7
  2520 | D:5      | Entered Level 5 of the Dungeon
  2666 | D:4      | Reached skill level 5 in Stealth
  2906 | D:4      | Reached XP level 7. HP: 34/34 MP: 8/8
  3043 | D:4      | Reached skill level 5 in Short Blades
  3304 | D:4      | Noticed Grinder
  3312 | D:4      | Paralysed by Grinder for 2 turns
  3318 | D:4      | Killed Grinder
  3336 | D:4      | Found a deep blue altar of Sif Muna.
  3675 | D:5      | Reached skill level 5 in Dodging
  3675 | D:5      | Gained mutation: You have razor-sharp teeth. [Vine Stalker growth]
  3675 | D:5      | Reached XP level 8. HP: 32/38 MP: 9/9
  3740 | D:5      | Noticed Menkaure
  3839 | D:5      | Killed Menkaure
  3965 | D:5      | Noticed Edmund
  4080 | D:5      | Killed Edmund
  4441 | D:5      | Found a stormy altar of Qazlal.
  4601 | D:6      | Got a pair of warped gloves
  4612 | D:6      | Identified the +1 pair of gloves "Riypu" {rPois Int+4} (You found it on level 6 of the Dungeon)
  4761 | D:6      | Reached XP level 9. HP: 42/42 MP: 10/10
  4821 | D:6      | Found a hide-covered altar of Uskayaw.
  5922 | D:7      | Found a staircase to the Ecumenical Temple.
  5931 | Temple   | Entered the Ecumenical Temple
  5984 | Temple   | Became a worshipper of Elyvilon the Healer
  6308 | D:8      | Found an iron altar of Okawaru.
  6324 | D:8      | Learned a level 3 spell: Confuse
  6363 | D:8      | Found an ancient bone altar of Kikubaaqudgha.
  6451 | D:8      | Found an opulent altar of Gozag.
  6819 | D:8      | Found a staircase to the Lair.
  6820 | D:8      | Noticed a komodo dragon
  6842 | D:8      | Reached XP level 10. HP: 42/49 MP: 11/11
  7028 | D:8      | Reached * piety under Elyvilon
  7076 | D:8      | Found a sacrificial altar of Ru.
  7124 | D:8      | Reached skill level 1 in Hexes
  7410 | Lair:1   | Entered Level 1 of the Lair of Beasts
  7499 | D:9      | Reached skill level 1 in Invocations
  7553 | D:9      | Noticed a death yak
  7898 | D:8      | Killed a death yak
  7898 | D:8      | Reached skill level 5 in Fighting
  7968 | D:9      | Found a glowing golden altar of the Shining One.
  8247 | D:9      | Reached ** piety under Elyvilon
  8778 | D:10     | Entered Level 10 of the Dungeon
  8833 | D:10     | Reached XP level 11. HP: 39/56 MP: 13/15
  9196 | D:10     | Noticed a hill giant
  9481 | D:10     | Killed a hill giant
  9481 | D:10     | Reached skill level 1 in Shields
 10059 | D:11     | Noticed a manticore
 10104 | D:12     | Noticed a deep elf mage
 10188 | D:12     | Noticed a hill giant
 10195 | D:12     | Reached skill level 5 in Invocations
 10462 | D:10     | Killed a hill giant
 10568 | D:12     | Noticed Frances
 10617 | D:12     | Noticed a purple ugly thing
 10663 | D:13     | Noticed a hill giant
 10688 | D:13     | Reached *** piety under Elyvilon
 10771 | D:12     | Noticed a cyclops
 10773 | D:12     | Killed a cyclops
 10789 | D:13     | Noticed a cyan ugly thing
 10790 | D:13     | Noticed a hill giant
 10993 | D:12     | Found Saff's Antique Armour Emporium.
 11001 | D:12     | Bought a translucent scale mail for 189 gold pieces
 11001 | D:12     | Bought a glowing helmet for 220 gold pieces
 11001 | D:12     | Bought a runed cloak for 220 gold pieces
 11012 | D:12     | Identified the +0 scale mail of Tiughyba {MR+} (You bought it in a shop on level 12 of the Dungeon)
 11346 | D:12     | Reached **** piety under Elyvilon
 11407 | D:12     | Killed a purple ugly thing
 11438 | D:12     | Noticed a cyclops
 11518 | D:12     | Noticed a hill giant
 11558 | D:12     | Killed a hill giant
 11631 | D:12     | Killed a cyclops
 11737 | D:12     | Reached skill level 1 in Armour
 11778 | D:12     | Gained mutation: You heal very quickly. [Vine Stalker growth]
 11778 | D:12     | Reached XP level 12. HP: 61/64 MP: 18/18
 12398 | D:14     | Noticed a seven-headed hydra
 12408 | D:14     | Noticed a centaur warrior
 12692 | D:11     | Found a staircase to the Orcish Mines.
 13038 | Orc:1    | Entered Level 1 of the Orcish Mines
 13038 | Orc:1    | Noticed an orc high priest
 13097 | Orc:1    | Killed an orc high priest
 13097 | Orc:1    | Reached skill level 5 in Armour
 13196 | Orc:1    | Found a roughly hewn altar of Beogh.
 13214 | Orc:1    | Noticed Nergalle
 13221 | Orc:1    | Killed Nergalle
 14011 | Orc:2    | Entered Level 2 of the Orcish Mines
 14335 | Orc:2    | Reached ***** piety under Elyvilon
 14540 | Orc:2    | Found a staircase to the Elven Halls.
 14629 | Orc:2    | Reached XP level 13. HP: 66/68 MP: 20/20
 16429 | Orc:2    | Found Bioxkas's Book Boutique.
 16433 | Orc:2    | Found Yddoi's Distillery.
 16439 | Orc:2    | Bought 2 potions of degeneration for 24 gold pieces
 16439 | Orc:2    | Bought a potion of lignification for 36 gold pieces
 16439 | Orc:2    | Found Yladilam's Assorted Antiques.
 16442 | Orc:2    | Found Plog's Weapon Boutique.
 16448 | Orc:2    | Bought a scroll labeled GYQOGU OWNA for 26 gold pieces
 16448 | Orc:2    | Bought a scroll labeled YFYLOQ GALI for 26 gold pieces
 16448 | Orc:2    | Bought a scroll labeled QIATSI YQOM for 26 gold pieces
 16462 | Orc:2    | Bought a shiny helmet for 273 gold pieces
 16491 | Orc:2    | Bought a potion of beneficial mutation for 420 gold pieces
 16491 | Orc:2    | Gained mutation: You are resistant to hostile enchantments. (MR+) [potion of beneficial mutation]
 16496 | Orc:2    | Bought a potion of invisibility for 96 gold pieces
 16778 | Lair:1   | Reached skill level 10 in Armour
 18069 | Lair:2   | Found a glowing silver altar of Zin.
 18610 | Lair:3   | Found a staircase to the Shoals.
 18720 | Lair:3   | Noticed Fannar
 18758 | Lair:3   | Killed Fannar
 18830 | Lair:3   | Noticed Harold
 18839 | Lair:3   | Killed Harold
 18839 | Lair:3   | Reached XP level 14. HP: 73/73 MP: 21/21
 18888 | Lair:3   | Found a glowing silver altar of Zin.
 18979 | Lair:3   | Reached skill level 5 in Hexes
 19016 | Lair:3   | Reached ****** piety under Elyvilon
 19096 | Lair:3   | Learned a level 2 spell: Repel Missiles
 19099 | Lair:3   | Learned a level 2 spell: Blink
 19922 | Lair:4   | Noticed Kirke
 19929 | Lair:4   | Noticed a sphinx
 19944 | Lair:4   | Killed Kirke
 20077 | Lair:4   | Found a hole to the Spider Nest.
 20566 | Lair:5   | Found a staircase to the Slime Pits.
 21372 | Lair:6   | Entered Level 6 of the Lair of Beasts
 21481 | Lair:6   | Reached skill level 1 in Translocations
 21558 | Lair:6   | Reached skill level 1 in Air Magic
 21569 | Lair:6   | Reached skill level 1 in Charms
 22180 | Lair:6   | Reached XP level 15. HP: 38/79 MP: 22/22
 22463 | Lair:6   | Paralysed by a hornet for 1 turns
 23283 | Spider:1 | Entered Level 1 of the Spider Nest
 23496 | Spider:1 | Noticed Aizul
 23542 | Spider:1 | Killed Aizul
 23745 | Spider:1 | Reached skill level 1 in Spellcasting
 23776 | Spider:1 | Reached skill level 10 in Fighting
 23988 | Spider:1 | Gained mutation: Your movements are slightly less encumbered by armour. (ER -2) [potion of beneficial mutation]
 24512 | Spider:3 | Reached skill level 10 in Dodging
 24681 | Spider:2 | Noticed Azrael
 25023 | Spider:2 | Killed Azrael
 25057 | Spider:2 | Reached XP level 16. HP: 86/86 MP: 23/23
 25835 | Spider:4 | Entered Level 4 of the Spider Nest
 26089 | Spider:3 | Reached skill level 10 in Short Blades
 27941 | Spider:4 | HP: 3/88 [emperor scorpion (7)]
 27942 | Spider:4 | HP: 1/88 [poisoned by an emperor scorpion]
 27944 | Spider:4 | Elyvilon protects you from harm!
 27956 | Spider:3 | FUCK!!!!!!
 28753 | Spider:4 | Reached XP level 17. HP: 93/93 MP: 5/24
 28859 | Spider:4 | Got a gossamer rune of Zot
 29161 | Shoals:1 | Entered Level 1 of the Shoals
 30306 | Shoals:4 | Entered Level 4 of the Shoals
 30328 | Shoals:3 | Noticed Roxanne
 31843 | Shoals:3 | SCROLL!
 31993 | Shoals:4 | Noticed Ilsuiw
 32023 | Shoals:4 | Killed Ilsuiw
 32504 | Orc:2    | Bought a book of Cantrips for 240 gold pieces
 32506 | Orc:2    | Learned a level 1 spell: Apportation
 32509 | Orc:2    | Bought a potion of agility for 48 gold pieces
 32509 | Orc:2    | Bought a potion of cancellation for 96 gold pieces
 33328 | Shoals:4 | Reached XP level 18. HP: 99/100 MP: 25/25
 33660 | Shoals:4 | Learned a level 2 spell: Swiftness
 33672 | Shoals:4 | Got a barnacled rune of Zot
 33697 | Shoals:4 | WOW
 33735 | Shoals:4 | Learned a level 2 spell: Ensorcelled Hibernation
 33741 | Shoals:4 | Learned a level 5 spell: Silence
 33809 | Shoals:4 | Reached skill level 1 in Ice Magic
 34275 | Shoals:4 | Reached skill level 5 in Spellcasting
 35888 | D:14     | Found a gate to the Vaults.
 36081 | D:15     | Entered Level 15 of the Dungeon
 36109 | D:15     | Found a staircase to the Depths.
 36884 | D:15     | Reached skill level 5 in Air Magic
 36953 | D:15     | Got an encrusted long sword
 36954 | D:15     | Identified the +3 long sword "Huplur" {freeze, Dex+4} (You found it on level 15 of the Dungeon)
 37349 | D:12     | Killed Frances
 38019 | Vaults:1 | Entered Level 1 of the Vaults
 38309 | Vaults:1 | Reached XP level 19. HP: 105/105 MP: 32/32
 39136 | Vaults:1 | Identified the +7 great sword "Lyigigh" {freeze, Str+6 Stlth+} (You found it on level 1 of the Vaults)
 39760 | Vaults:2 | Found a staircase to the Crypt.
 39974 | Vaults:2 | Learned a level 4 spell: Leda's Liquefaction
 40364 | Vaults:2 | Found a roughly hewn altar of Beogh.
 41291 | Vaults:3 | Noticed a lich
 41312 | Vaults:3 | Killed a lich
 41586 | Vaults:3 | Identified the +7 chain mail of the Guilds {rCorr Int+4} (You found it on level 3 of the Vaults)
 41669 | Vaults:3 | Reached XP level 20. HP: 67/111 MP: 33/33
 41829 | Vaults:3 | Noticed Mennas
 41891 | Vaults:3 | Killed Mennas
 42220 | Vaults:3 | Reached skill level 10 in Stealth
 42413 | Vaults:4 | Noticed Xtahua
 42999 | Vaults:4 | Noticed Saint Roka
 43045 | Vaults:3 | Killed Saint Roka
 43139 | Vaults:4 | Noticed Jorgrun
 43157 | Vaults:4 | Killed Jorgrun
 43402 | Vaults:4 | Reached skill level 15 in Dodging
 43441 | Vaults:4 | Reached skill level 1 in Earth Magic
 43634 | Vaults:4 | Elyvilon protects you from harm!
 44327 | Vaults:4 | Found Voefi's Book Shop.
 44483 | Vaults:4 | Reached XP level 21. HP: 76/115 MP: 34/34
 44891 | Elf:1    | Entered Level 1 of the Elven Halls
 45107 | Elf:1    | Found Okhitul's Assorted Antiques.
 45218 | Elf:1    | Gained mutation: Your muscles are strong. (Str +2) [potion of beneficial mutation]
 45388 | Elf:3    | Entered Level 3 of the Elven Halls
 45392 | Elf:2    | Found an ancient bone altar of Kikubaaqudgha.
 45514 | Elf:2    | Found Poekk's Antique Weapon Boutique.
 45545 | Elf:2    | Reached skill level 10 in Invocations
 45791 | Elf:2    | Found a huge runed gate.
 45804 | Elf:2    | Found a huge runed gate.
 45806 | Elf:2    | Found a huge runed gate.
 46035 | Elf:2    | Reached skill level 5 in Shields
 47054 | Elf:3    | Got a glittering bone ring
 47055 | Elf:3    | Identified the ring of Neliuz {rPois rF+ rC+} (You found it on level 3 of the Elven Halls)
 47056 | Elf:3    | YAY
 47385 | Elf:3    | Found Vixtorr's Jewellery Emporium.
 47947 | Elf:3    | Reached skill level 10 in Shields
 48063 | Elf:3    | Reached XP level 22. HP: 120/120 MP: 35/35
 48065 | Elf:3    | Got a translucent chain mail
 48067 | Elf:3    | Identified the +2 chain mail "Ysituw" {rF- rC++ Dex+5} (You took it off a deep elf master archer on level 3 of the Elven Halls)
 48243 | Elf:3    | Identified the Papyrus of the Voyage
 48248 | Elf:3    | Learned a level 3 spell: Lesser Beckoning
 48249 | Elf:3    | Identified the Volume of Combat Magic and Hexes
 48274 | Elf:3    | Identified the Tome of Entrancing Feathers
 48279 | Elf:3    | Learned a level 3 spell: Dazzling Spray
 48858 | Vaults:4 | Bought a manual of Dodging for 2208 gold pieces
 48967 | Crypt:1  | Entered Level 1 of the Crypt
 49192 | Crypt:2  | Noticed Margery
 49209 | Crypt:1  | Killed Margery
 49993 | D:9      | Fell from the grace of Elyvilon
 49993 | D:9      | Became a worshipper of the Shining One
 49993 | D:9      | Reached * piety under the Shining One
 49993 | D:9      | Reached ** piety under the Shining One
 49993 | D:9      | Reached *** piety under the Shining One
 50388 | Crypt:2  | Reached **** piety under the Shining One
 50409 | Crypt:2  | Noticed Khufu
 50726 | Crypt:1  | Reached ***** piety under the Shining One
 51406 | Crypt:2  | Killed Khufu
 51650 | Crypt:2  | Reached ****** piety under the Shining One
 51653 | Crypt:2  | Identified an eudemon blade of holy wrath {god gift} (a demon blade of draining blessed by the Shining One)
 51653 | Crypt:2  | Received a gift from the Shining One
 52106 | Temple   | Fell from the grace of the Shining One
 52106 | Temple   | Became a worshipper of Elyvilon the Healer
 52638 | Crypt:2  | Reached skill level 1 in Long Blades
 52645 | Crypt:3  | Entered Level 3 of the Crypt
 53114 | Crypt:2  | Reached XP level 23. HP: 47/124 MP: 36/36
 53454 | Crypt:3  | Found a staircase to the Tomb.
 54108 | Crypt:3  | Found an ancient bone altar of Kikubaaqudgha.
 54245 | Crypt:3  | Reached skill level 5 in Long Blades
 54291 | Crypt:3  | Got a wavering bronze ring
 54293 | Crypt:3  | Identified the ring of Navvul {rCorr -Tele rElec rN+ Str+4} (You took it off a vampire mage on level 3 of the Crypt)
 55193 | Tomb:1   | Entered Level 1 of the Tomb of the Ancients
 55656 | Tomb:1   | Noticed a greater mummy
 55660 | Tomb:1   | Noticed a greater mummy
 55671 | Tomb:1   | Killed a greater mummy
 55677 | Tomb:1   | Killed a greater mummy
 55806 | Tomb:1   | Reached XP level 24. HP: 79/130 MP: 23/36
 56119 | Tomb:2   | Noticed an ancient lich
 56120 | Tomb:2   | Noticed an ancient lich
 56120 | Tomb:2   | Noticed a greater mummy
 56129 | Tomb:2   | Noticed a greater mummy
 56450 | Tomb:1   | Killed a greater mummy
 56450 | Tomb:1   | Reached skill level 15 in Shields
 56496 | Tomb:1   | Killed a greater mummy
 56545 | Tomb:1   | Killed an ancient lich
 56564 | Tomb:1   | Killed an ancient lich
 56564 | Tomb:1   | Reached skill level 15 in Fighting
 56619 | Tomb:2   | Got a smoking wooden ring
 56620 | Tomb:2   | Identified the ring "Xutaramumn" {rElec SInv} (You found it on level 2 of the Tomb of the Ancients)
 56824 | Tomb:1   | Noticed a greater mummy
 56825 | Tomb:1   | Noticed a greater mummy
 56825 | Tomb:1   | Noticed a greater mummy
 56827 | Tomb:1   | Noticed a greater mummy
 56836 | Tomb:2   | Killed a greater mummy
 56881 | Tomb:1   | Noticed a greater mummy
 56890 | Tomb:2   | Killed a greater mummy
 56898 | Tomb:2   | Killed a greater mummy
 56918 | Tomb:1   | Killed a greater mummy
 56936 | Tomb:1   | Killed a greater mummy
 56991 | Tomb:1   | Noticed a greater mummy
 57005 | Tomb:1   | Killed a greater mummy
 57047 | Tomb:1   | Noticed a greater mummy
 57061 | Tomb:1   | Killed a greater mummy
 57073 | Tomb:1   | Noticed a greater mummy
 57099 | Tomb:1   | Killed a greater mummy
 57125 | Tomb:1   | Noticed a greater mummy
 57136 | Tomb:1   | Killed a greater mummy
 57154 | Tomb:1   | Noticed a greater mummy
 57163 | Tomb:1   | Killed a greater mummy
 57215 | Tomb:1   | Noticed a greater mummy
 57220 | Tomb:1   | Noticed a greater mummy
 57223 | Tomb:1   | Noticed a greater mummy
 57234 | Tomb:1   | Killed a greater mummy
 57245 | Tomb:1   | Killed a greater mummy
 57245 | Tomb:1   | Reached XP level 25. HP: 120/137 MP: 36/36
 57259 | Tomb:1   | Noticed a greater mummy
 57269 | Tomb:1   | Killed a greater mummy
 57269 | Tomb:1   | Reached skill level 15 in Stealth
 57294 | Tomb:1   | Killed a greater mummy
 57347 | Tomb:1   | Noticed a greater mummy
 57356 | Tomb:1   | Killed a greater mummy
 57411 | Tomb:1   | Noticed a greater mummy
 57412 | Tomb:1   | Noticed a greater mummy
 57415 | Tomb:1   | Noticed a greater mummy
 57426 | Tomb:1   | Killed a greater mummy
 57435 | Tomb:1   | Killed a greater mummy
 57478 | Tomb:1   | Killed a greater mummy
 57511 | Tomb:1   | Noticed a greater mummy
 57521 | Tomb:1   | Noticed a greater mummy
 57522 | Tomb:1   | Killed a greater mummy
 57532 | Tomb:1   | Killed a greater mummy
 57615 | Tomb:2   | Identified the +1 scale mail "Xuj Cume" {rF- Str+3 Dex+7} (You found it on level 2 of the Tomb of the Ancients)
 57781 | Tomb:3   | Entered Level 3 of the Tomb of the Ancients
 57812 | Tomb:3   | Noticed a greater mummy
 57873 | Tomb:3   | Noticed an ancient lich
 57901 | Tomb:3   | Noticed a greater mummy
 58018 | Tomb:3   | Noticed a greater mummy
 58024 | Tomb:2   | Killed an ancient lich
 58106 | Tomb:2   | Killed a greater mummy
 58182 | Tomb:3   | Noticed a greater mummy
 58257 | Tomb:2   | Killed a greater mummy
 58318 | Tomb:2   | Killed a greater mummy
 58500 | Tomb:2   | Killed a greater mummy
 58789 | Tomb:3   | Got a warped silver ring
 58790 | Tomb:3   | Identified the ring of Fuirph {+Inv rF++ Slay+3} (You found it on level 3 of the Tomb of the Ancients)
 58814 | Tomb:3   | Got a flickering pewter ring
 58815 | Tomb:3   | Identified the ring of Utwid {rElec Dex+3} (You found it on level 3 of the Tomb of the Ancients)
 58829 | Tomb:3   | Identified the +7 crystal plate armour of Fotukk {rN+ Str-3 Int+2 Dex+4} (You found it on level 3 of the Tomb of the Ancients)
 58839 | Tomb:3   | Got a shimmering amber ring
 58840 | Tomb:3   | Identified the ring of Gadim {rN+ Dex+6} (You found it on level 3 of the Tomb of the Ancients)
 58852 | Tomb:3   | Identified the Reference Book on Warped Transmigration
 58915 | Tomb:3   | Reached skill level 15 in Invocations
 58934 | Tomb:3   | Noticed a greater mummy
 58953 | Tomb:3   | Killed a greater mummy
 58953 | Tomb:3   | Reached XP level 26. HP: 84/145 MP: 22/36
 59124 | Tomb:3   | Got a golden rune of Zot
 59134 | Tomb:3   | Noticed a greater mummy
 59154 | Tomb:3   | Killed a greater mummy
 59254 | Tomb:3   | Learned a level 1 spell: Summon Butterflies
 59437 | Tomb:3   | Noticed a greater mummy
 59447 | Tomb:3   | Killed a greater mummy
 59447 | Tomb:3   | Reached skill level 1 in Summonings
 60183 | Vaults:4 | Killed Xtahua
 60237 | Vaults:5 | Entered Level 5 of the Vaults
 60248 | Vaults:4 | Gained mutation: You are dopey. (Int -2) [a shining eye]
 60651 | Vaults:5 | Reached skill level 5 in Summonings
 60771 | Vaults:5 | Identified the cursed +1 plate armour of Mental Paralysis {rElec rF- rN+++ Int-4} (You found it on level 5 of the Vaults)
 60816 | Vaults:5 | Identified the +1 robe of Hangman {Dex+4} (You found it on level 5 of the Vaults)
 61157 | Vaults:5 | Reached XP level 27. HP: 151/151 MP: 36/36
 61193 | Vaults:5 | Identified the Compendium of Displaced Transmigration
 61592 | Vaults:5 | Found Hiuc's Food Boutique.
 61592 | Vaults:5 | Found Uschuureohacw's Magic Scroll Shoppe.
 61603 | Vaults:5 | Bought a scroll of recharging for 152 gold pieces
 61603 | Vaults:5 | Bought a scroll of enchant weapon for 120 gold pieces
 61650 | Vaults:5 | Got a silver rune of Zot
 61658 | Vaults:5 | Found Plog's Magic Scroll Shoppe.
 61662 | Vaults:5 | Bought a scroll of magic mapping for 77 gold pieces
 61662 | Vaults:5 | Bought a scroll of magic mapping for 77 gold pieces
 61662 | Vaults:5 | Bought a scroll of enchant armour for 165 gold pieces
 61662 | Vaults:5 | Bought a scroll of blinking for 165 gold pieces
 62782 | Slime:1  | Entered Level 1 of the Pits of Slime
 63089 | Slime:4  | Gained mutation: You are clumsy. (Dex -2) [a shining eye]
 63164 | Slime:5  | Entered Level 5 of the Pits of Slime
 63196 | Slime:5  | Noticed the Royal Jelly
 63216 | Slime:5  | Killed the Royal Jelly
 63328 | Slime:5  | Identified the Grimoire of Gliding Boosts
 63350 | Slime:5  | Got a slimy rune of Zot
 63375 | Slime:5  | Identified the cursed +0 leather armour "Idusuaf" {rC+} (You found it on level 5 of the Pits of Slime)
 63398 | Slime:5  | Identified the Handbook of Bewitching Transmigration
 63409 | Slime:5  | Identified the +6 dagger of Animal Spirits {elec, +Blink rC- Str+2 Int+2} (You found it on level 5 of the Pits of Slime)
 63410 | Slime:5  | I REJECT YOUR LOOT AND SEARCH MY OWN
 63752 | Depths:1 | Entered Level 1 of the Depths
 63974 | Depths:2 | Found a portal to a secret trove of treasure.
 64007 | Depths:2 | Found a magical portal.
 64016 | WizLab   | Entered The Hall of the Hellbinder
 64108 | WizLab   | Gained mutation: Your body sometimes deteriorates upon taking damage. [a cacodemon]
 64217 | WizLab   | Found a burning altar of Makhleb.
 64265 | WizLab   | Identified the ring "Manocral" {rF+ Dex+3} (You found it in a wizard's laboratory)
 64289 | WizLab   | Identified the Grimoire of Calling
 64291 | WizLab   | Identified the Volume of Companions
 64293 | WizLab   | demon blade
 65146 | Depths:2 | You paid a toll of a +8 demon blade to enter a treasure trove
 65147 | Trove    | Entered a treasure trove
 65152 | Trove    | Got a twitching pewter ring
 65153 | Trove    | Identified the ring of Bais Yme {+Fly Dex+4} (You found it in a treasure trove)
 65164 | Trove    | Got a bound wooden ring
 65165 | Trove    | Identified the ring of Plog {rC+ rN+ Int+3 Stlth+} (You found it in a treasure trove)
 65170 | Trove    | Got a twitching tin ring
 65171 | Trove    | Identified the ring of Dishinal {rPois rF- Dex+2 SInv} (You found it in a treasure trove)
 65174 | Trove    | Got a steaming bone amulet
 65175 | Trove    | Identified the amulet of the Garden {+Rage rC+++ MR- Str+4 Slay+5} (You found it in a treasure trove)
 65177 | Trove    | Got a bound lead ring
 65178 | Trove    | Identified the ring of Ceraral {rElec rPois rN+ Dex+4 Slay+5} (You found it in a treasure trove)
 65183 | Trove    | Identified the amulet "Neubul" {Faith *Slow rN++ MR+++} (You found it in a treasure trove)
 65531 | Depths:1 | Found Ymohat's Magic Scroll Shop.
 65534 | Depths:1 | Found a glowing golden altar of the Shining One.
 65539 | Depths:1 | Bought a scroll of teleportation for 51 gold pieces
 65539 | Depths:1 | Bought a scroll of fear for 59 gold pieces
 65733 | Depths:1 | Noticed Bai Suzhen
 65744 | Depths:1 | Killed Bai Suzhen
 65761 | Depths:1 | Found Wolam's Magic Scroll Shop.
 65774 | Depths:1 | Bought a scroll of silence for 142 gold pieces
 65774 | Depths:1 | Bought a scroll of silence for 142 gold pieces
 65774 | Depths:1 | Bought a scroll of recharging for 180 gold pieces
 65822 | Depths:1 | Found a one-way gate to the infinite horrors of the Abyss.
 65901 | Depths:1 | Found a gateway to Hell.
 67176 | Depths:3 | Voluntarily entered the Abyss.
 67207 | Abyss:1  | Found a corrupted altar of Lugonu.
 67871 | Abyss:2  | Found a corrupted altar of Lugonu.
 67895 | Abyss:2  | Found a corrupted altar of Lugonu.
 67978 | Abyss:3  | Noticed an ancient lich
 68045 | Abyss:4  | Found a deep blue altar of Sif Muna.
 68129 | Abyss:4  | Found a corrupted altar of Lugonu.
 68330 | Abyss:4  | Found a corrupted altar of Lugonu.
 68371 | Abyss:4  | Got an abyssal rune of Zot
 68391 | Abyss:5  | Entered Level 5 of the Abyss
 68400 | Depths:3 | Escaped the Abyss
 68787 | Depths:3 | Reached skill level 15 in Armour
 69149 | Depths:3 | Gained mutation: You are frail. (-10% HP) [a neqoxec]
 69156 | Depths:3 | Lost mutation: Your body sometimes deteriorates upon taking damage. [potion of cure mutation]
 69156 | Depths:3 | Lost mutation: Your movements are slightly less encumbered by armour. (ER -2) [potion of cure mutation]
 69156 | Depths:3 | Lost mutation: You are clumsy. (Dex -2) [potion of cure mutation]
 69157 | Depths:3 | Lost mutation: You are frail. (-10% HP) [potion of cure mutation]
 69157 | Depths:3 | Lost mutation: You are resistant to hostile enchantments. (MR+) [potion of cure mutation]
 69157 | Depths:3 | Lost mutation: You are dopey. (Int -2) [potion of cure mutation]
 69178 | Depths:3 | Found a one-way gate leading to the halls of Pandemonium.
 69649 | Depths:4 | Reached skill level 1 in Evocations
 69831 | Depths:4 | Found a gateway to a ziggurat.
 69842 | Depths:5 | Entered Level 5 of the Depths
 69922 | Depths:4 | Noticed Jory
 69932 | Depths:4 | Killed Jory
 69951 | Depths:4 | Reached skill level 5 in Evocations
 69983 | Depths:4 | Noticed Mara
 69990 | Depths:4 | Killed Mara
 69991 | Depths:4 | OH MARA
 70035 | Depths:4 | Paralysed by a floating eye for 2 turns
 70092 | Depths:4 | Found a burning altar of Makhleb.
 70524 | Depths:5 | Found a gate to the Realm of Zot.
 70751 | Depths:5 | Noticed a juggernaut
 70768 | Depths:5 | Killed a juggernaut
 71347 | Zot:1    | Entered Level 1 of the Realm of Zot
 71626 | Zot:1    | Got a bound lapis lazuli ring
 71627 | Zot:1    | Identified the ring of Locwa {MP+9 Int+6} (You found it on level 1 of the Realm of Zot)
 73937 | Zot:4    | Noticed an orb of fire
 73954 | Zot:4    | Killed an orb of fire
 74449 | Zot:5    | Entered Level 5 of the Realm of Zot
 75008 | Zot:5    | Noticed an orb of fire
 75034 | Zot:5    | Noticed an ancient lich
 75034 | Zot:5    | Gained mutation: You are frail. (-10% HP) [an orb of fire]
 75040 | Zot:5    | Noticed an orb of fire
 75046 | Zot:5    | Killed an orb of fire
 75047 | Zot:5    | Gained mutation: You tend to lose your temper in combat. [an orb of fire]
 75054 | Zot:5    | Killed an ancient lich
 75060 | Zot:5    | Killed an orb of fire
 75163 | Zot:5    | Noticed an orb of fire
 75186 | Zot:5    | Noticed an orb of fire
 75186 | Zot:5    | Gained mutation: You occasionally shout uncontrollably at your foes. [an orb of fire]
 75191 | Zot:5    | Noticed an ancient lich
 75194 | Zot:5    | Killed an orb of fire
 75198 | Zot:5    | Gained mutation: You are very frail. (-20% HP) [an orb of fire]
 75206 | Zot:5    | Killed an orb of fire
 75213 | Zot:5    | Killed an ancient lich
 75220 | Zot:5    | Noticed an orb of fire
 75236 | Zot:5    | Killed an orb of fire
 75241 | Zot:5    | Noticed an orb of fire
 75243 | Zot:5    | Noticed an orb of fire
 75248 | Zot:5    | Gained mutation: You have a somewhat thin skeletal structure. (Dex +2, Stealth) [an orb of fire]
 75250 | Zot:5    | Killed an orb of fire
 75259 | Zot:5    | Killed an orb of fire
 75301 | Zot:5    | Noticed an ancient lich
 75316 | Zot:5    | Killed an ancient lich
 75486 | Zot:5    | Lost mutation: You tend to lose your temper in combat. [potion of cure mutation]
 75486 | Zot:5    | Lost mutation: You are very frail. (-20% HP) [potion of cure mutation]
 75486 | Zot:5    | Lost mutation: You are frail. (-10% HP) [potion of cure mutation]
 75486 | Zot:5    | Lost mutation: You have a somewhat thin skeletal structure. (Dex +2, Stealth) [potion of cure mutation]
 75515 | Zot:5    | Got the Orb of Zot
 75548 | Zot:5    | Noticed an ancient lich
 75559 | Zot:5    | Killed an ancient lich
 75629 | Zot:1    | Noticed Orolulodo the pandemonium lord
 75639 | Zot:1    | Killed Orolulodo the pandemonium lord
 76067 | D:$      | Escaped with the Orb!

Skill      XL: |  1  2  3  4  5  6  7  8  9 10 11 12 13 14 15 16 17 18 19 20 21 22 23 24 25 26 27 |
---------------+----------------------------------------------------------------------------------+-----
Short Blades   | 3 4 5 7 8 9 11 12 14 | 14.1
Stealth        | 1 2 3 4 5 7 8 13 14 17 18 | 18.6
Dodging        | 3 4 5 6 7 8 9 10 11 12 14 15 17 18 | 18.3
Fighting       | 4 6 8 9 10 12 13 14 15 17 18 22 | 22.5
Hexes          | 4 7 8 |  8.0
Invocations    | 4 7 9 10 13 15 16 17 | 17.0
Shields        | 4 10 13 14 15 20 | 20.8
Armour         | 1 7 11 22 | 22.0
Translocations | 2 4 |  4.1
Air Magic      | 1 4 7 8 |  8.0
Charms         | 2 4 |  4.0
Spellcasting   | 4 8 |  8.2
Ice Magic      | 4 |  4.0
Earth Magic    | 2 |  2.6
Long Blades    | 2 7 |  7.8
Summonings     | 5 |  5.0
Evocations     | 7 |  7.5
Throwing       | |  1.7

Action                   |  1- 3 |  4- 6 |  7- 9 | 10-12 | 13-15 | 16-18 | 19-21 | 22-24 | 25-27 || total
-------------------------+-------+-------+-------+-------+-------+-------+-------+-------+-------++-------
Melee: Rapier            |    99 |   156 |   314 |       |   875 |  2222 |  2094 |   673 |       ||  6433
       Bite              |    23 |    50 |   127 |   489 |   871 |  1141 |  1097 |  1139 |  2163 ||  7100
       Short sword       |       |       |    49 |  1041 |  1115 |       |       |       |       ||  2205
       Eudemon blade     |       |       |       |       |       |       |       |  1104 |  2409 ||  3513
       Quick blade       |       |       |       |       |       |       |       |       |   817 ||   817
Throw: Javelin           |       |     5 |    14 |    14 |     6 |       |       |       |       ||    39
       Throwing net      |       |     1 |     3 |       |       |       |    11 |     2 |     1 ||    18
 Cast: Confuse           |       |       |       |    12 |    57 |   104 |     7 |    11 |       ||   191
       Repel Missiles    |       |       |       |       |     2 |    14 |    10 |     1 |     9 ||    36
       Apportation       |       |       |       |       |       |    11 |       |       |       ||    11
       Ensorcelled Hiber |       |       |       |       |       |    25 |       |       |       ||    25
       Leda's Liquefacti |       |       |       |       |       |       |     1 |     1 |       ||     2
       Silence           |       |       |       |       |       |       |       |    13 |    21 ||    34
       Summon Butterflie |       |       |       |       |       |       |       |       |     2 ||     2
Invok: Heal Other        |       |       |       |     6 |       |       |       |       |     1 ||     7
       Lesser Healing    |       |       |       |     2 |       |       |       |     3 |     3 ||     8
       Greater Healing   |       |       |       |     2 |    13 |    21 |    14 |     6 |    11 ||    67
       Purification      |       |       |       |       |     1 |     2 |       |     1 |     1 ||     5
       Divine Vigour     |       |       |       |       |     2 |       |     1 |       |       ||     3
       Divine Shield     |       |       |       |       |       |       |       |     3 |       ||     3
       Cleansing Flame   |       |       |       |       |       |       |       |     3 |       ||     3
       Brand Weapon With |       |       |       |       |       |       |       |     1 |       ||     1
Evoke: Wand              |       |       |       |     9 |    22 |    18 |    10 |       |    22 ||    81
       Phial of floods   |       |       |       |       |     1 |       |       |       |       ||     1
  Use: Scroll            |       |       |     9 |     6 |    20 |    17 |    13 |    14 |    60 ||   139
       Potion            |       |       |       |     2 |     3 |     7 |     3 |     1 |    17 ||    33
 Stab: Sleeping          |     3 |     8 |    16 |    32 |    20 |    30 |    31 |    20 |    62 ||   222
       Held in net/web   |       |       |     2 |       |       |       |     8 |     2 |     3 ||    15
       Distracted        |       |       |     1 |     1 |    10 |     5 |     5 |     7 |    22 ||    51
       Confused          |       |       |       |     8 |    20 |    38 |     2 |     3 |     2 ||    73
       Paralysed         |       |       |       |       |       |     2 |       |       |       ||     2
       Invisible         |       |       |       |       |       |    11 |       |       |       ||    11
  Eat: Chunk             |     1 |     5 |    25 |    38 |    44 |    65 |    29 |     1 |       ||   208
       Beef jerky        |       |       |       |       |     1 |       |       |    11 |    10 ||    22
       Pizza             |       |       |       |       |       |     5 |     1 |     1 |     4 ||    11
       Meat ration       |       |       |       |       |       |     1 |       |     7 |    11 ||    19
       Royal jelly       |       |       |       |       |       |       |       |       |     1 ||     1
Armor: Leather armour    |    19 |    54 |    53 |   107 |   292 |    72 |    57 |       |       ||   654
       Ring mail         |       |       |       |       |   169 |   466 |       |       |       ||   635
       Troll leather arm |       |       |       |       |       |       |    85 |   114 |    63 ||   262
       Quicksilver drago |       |       |       |       |       |       |       |       |   177 ||   177
       Shadow dragon sca |       |       |       |       |       |       |       |       |     2 ||     2
Dodge: Dodged            |    65 |   119 |   243 |   511 |  1554 |  1763 |  1097 |   774 |  1332 ||  7458
       Deflected         |       |       |       |       |     2 |    50 |    36 |     3 |    23 ||   114
Block: Buckler           |       |       |       |   129 |   511 |   515 |   346 |   221 |       ||  1722
       Shield            |       |       |       |       |       |       |     3 |   556 |  1234 ||  1793
       Reflection        |       |       |       |       |       |       |       |       |    30 ||    30
       Large shield      |       |       |       |       |       |       |       |       |  1175 ||  1175
       Rpst.: Eudemon blade |       |       |       |       |       |       |       |   123 |   219 ||   342
